 Dungeon Crawl Stone Soup version 0.25-a0-603-g0321be95db (webtiles) character file.

Game seed: 6733778272449509310, levelgen mode: deterministic

6699 Mehrunes the Thaumaturge (level 10, -5/84 HPs)
             Began as a Deep Elf Conjurer on Mar 16, 2020.
             Was a Priest of Sif Muna.
             Slain by a two-headed ogre
             ... wielding a +0 giant club
              (6 damage)
             ... on level 10 of the Dungeon.
             The game lasted 00:49:52 (16299 turns).

Mehrunes the Thaumaturge (Deep Elf Conjurer)       Turns: 16299, Time: 00:49:52

Health: -5/84      AC: 25    Str:  5    XL:     10   Next: 74%
Magic:  1/27       EV:  2    Int: 24    God:    Sif Muna [***...]
Gold:   555        SH:  0    Dex: 18    Spells: 10/31 levels left

rFire    . . .     SeeInvis +   F - +6 broad axe of the Harvest {speed, Dex+3}
rCold    . . .     Gourm    .   (no shield)
rNeg     + + +     Faith    .   (armour currently unavailable)
rPois    +         Spirit   .   (helmet currently unavailable)
rElec    .         Reflect  .   (cloak currently unavailable)
rCorr    .         Harm     .   (gloves currently unavailable)
MR       +....     NoTele   +   (boots currently unavailable)
Stlth    ++........             (no amulet)
HPRegen  0.24/turn              g - ring of positive energy
MPRegen  0.20/turn              w - ring of see invisible

@: tree-form, very slightly contaminated
A: no striking features
a: Channel Magic, Forget Spell, Renounce Religion


You were on level 10 of the Dungeon.
You worshipped Sif Muna.
Sif Muna was most pleased with you.
You were not hungry.
You were a tree.
You visited 2 branches of the dungeon, and saw 11 of its levels.

You collected 555 gold pieces.

Inventory:

Hand Weapons
 d - a +0 dagger
 z - a +3 dagger of venom
 F - the +6 broad axe of the Harvest (weapon) {speed, Dex+3}
   (You took it off a vampire on level 7 of the Dungeon)

   Attacks with this weapon are significantly faster.
   It affects your dexterity (+3).
Armour
 a - a +0 robe
 j - a +2 helmet (melded)
 q - a +0 pair of boots (melded)
 C - +0 steam dragon scales (melded)
Jewellery
 g - a ring of positive energy (left branch)
 t - an uncursed ring of teleportation
 w - a ring of see invisible (right branch)
 E - the ring "Araux" {+Blink rC+ Dex+2 SInv}
   (You took it off a vampire on level 7 of the Dungeon)

   [ring of protection from cold]

   It affects your dexterity (+2).
   It protects you from cold.
   It lets you see invisible.
   It lets you blink.
 I - an uncursed ring of resist corrosion {unknown}
Wands
 m - a wand of random effects (25)
 y - a wand of digging (14)
Scrolls
 e - 3 scrolls of magic mapping
 h - 5 scrolls of remove curse
 i - a scroll of fear {unknown}
 k - a scroll of fog {unknown}
 n - 3 scrolls of teleportation {unknown}
 r - a scroll of amnesia {unknown}
 u - 3 scrolls of enchant armour
 A - 2 scrolls of summoning {unknown}
 G - a scroll of vulnerability {unknown}
 J - a scroll of blinking {unknown}
 K - a scroll of acquirement {unknown}
 L - 3 scrolls of identify
 M - a scroll of immolation {unknown}
Potions
 b - 2 potions of degeneration {unknown}
 f - a potion of might
 l - a potion of lignification
 o - a potion of curing
 p - a potion of haste {unknown}
 s - a potion of cancellation {unknown}
 v - a potion of ambrosia {unknown}
 x - 3 potions of berserk rage
 B - a potion of mutation {unknown}
 D - a potion of resistance {unknown}
Comestibles
 c - 20 rations
 H - 14 chunks of flesh


   Skills:
 - Level 3.7 Fighting
 - Level 6.1 Dodging
 - Level 2.4 Stealth
 + Level 11.1 Spellcasting
 - Level 8.0 Conjurations
 - Level 7.4 Hexes
 - Level 6.0 Summonings
 - Level 4.4 Translocations
 - Level 6.0 Air Magic


You had 10 spell levels left.
You knew the following spells:

 Your Spells              Type           Power        Failure   Level  Hunger
a - Magic Dart            Conj           ####         1%          1    None
b - Searing Ray           Conj           ######       1%          2    None
c - Fulminant Prism       Conj/Hex       ######....   1%          4    None
d - Iskenderun's Mystic   Conj/Tloc      #####...     3%          4    None
e - Summon Lightning Spi  Summ/Air       #####...     4%          4    None
f - Frozen Ramparts       Ice            ##....       14%         3    None
g - Ozocubu's Armour      Chrm/Ice       ##......     14%         3    None

Your spell library contained the following spells:

 Spells                   Type           Power        Failure   Level  Hunger
 Dazzling Flash           Conj/Hex       ######       1%          3    None
 Beastly Appendage        Tmut           ##....       4%          1    None
 Freeze                   Ice            ##..         4%          1    None
 Sticks to Snakes         Tmut           ##......     7%          2    None
 Hailstorm                Conj/Ice       ####....     9%          4    None
 Silence                  Hex/Air        #####.....   9%          5    ####...
 Spider Form              Tmut/Pois      ##........   14%         3    None
 Summon Ice Beast         Ice/Summ       ####....     14%         4    None
 Iskenderun's Battlesphe  Conj/Chrm      ####....     26%         5    ####...
 Conjure Ball Lightning   Conj/Air       #####.....   38%         6    #####..
 Bolt of Magma            Conj/Fire/Erth ####......   41%         5    ####...
 Ice Form                 Ice/Tmut       ##......     43%         4    None
 Blade Hands              Tmut           ##........   78%         5    ####...
 Iron Shot                Conj/Erth      ####......   80%         6    #####..
 Orb of Destruction       Conj           ######....   83%         7    #######
 Deflect Missiles         Chrm/Air       ####......   91%         6    #####..
 Spellforged Servitor     Conj/Summ      #####.....   92%         7    #######
 Tornado                  Air            #####.....   100%        9    #######


Dungeon Overview and Level Annotations

Branches:
Dungeon (10/15)            Temple (1/1) D:4            Lair (0/6) D:8
    Orc: D:9-12

Altars:
Ashenzari
Cheibriados
Dithmenos
Elyvilon
Fedhas
Gozag
Hepliaklqana
Kikubaaqudgha
Makhleb
Nemelex Xobeh
Okawaru
Qazlal
Ru
Sif Muna
Trog
Uskayaw
Vehumet
Wu Jian
Xom
Yredelemnul
Zin
The Shining One

Shops:
D:6 !

Annotations:
D:3 Sigmund


Message History

[Y]es or [N]o only, please.
Really blast near your lightning spire?
You miscast Iskenderun's Mystic Blast.
You are very lightly contaminated with residual magic.
The world appears momentarily distorted!
The sky beast hits you but does no damage.
The two-headed ogre hits you but does no damage. x2
You miss the sky beast.
The sky beast is heavily wounded.
You hit the two-headed ogre.
The sky beast hits you but does no damage.
The two-headed ogre barely misses you.
The two-headed ogre hits you with a +0 giant club.
* * * LOW HITPOINT WARNING * * *
You miss the sky beast.
The sky beast is heavily wounded.
You slash the two-headed ogre!
The sky beast hits you but does no damage.
The two-headed ogre hits you with a +0 giant club.
You die...

### ##### ..#
)...# #.# ###.#
#.# #.# ####.####
###.# #.....).#
.##.# # #.##.##.#
.##.#
#.##.##O#...8"((..
.##.#
#....Y♣8##........
....#
####.######^..#...
...## ###.# #.##
.. #..# #...# .#
...# #.### .# #.##
#.# '# #.# #.# #.#
#.# #.# ##.##


You could see a two-headed ogre, a sky beast (invisible) and a friendly
lightning spire.

Vanquished Creatures
  A two-headed ogre (D:7)
  Pikel (D:4)
  A troll (D:8)
  2 hippogriffs
  2 wyverns
  A vampire (D:7)
  3 yaks (D:9)
  A steam dragon (D:8)
  A basilisk (D:8)
  2 sky beasts
  3 slaves
  An orc warrior (D:6)
  2 phantoms
  3 ice beasts
  A black bear (D:8)
  An ogre (D:6)
  A necrophage (D:6)
  A centaur (D:10)
  2 crocodiles (D:8)
  2 bullfrogs
  A gnoll sergeant (D:7)
  3 scorpions
  6 wights
  4 howler monkeys
  3 crimson imps
  A bullfrog zombie (D:5)
  A jelly (D:7)
  A quasit (D:8)
  A bullfrog skeleton (D:8)
  An orc priest (D:8)
  5 hounds
  3 orc wizards
  Terence (D:2)
  Jessica (D:2)
  5 worker ants
  A hound zombie (D:7)
  A hound skeleton (D:6)
  3 gnolls (D:2)
  10 adders
  A howler monkey skeleton (D:3)
  3 shadow imps
  An adder zombie (D:9)
  3 adder skeletons
  3 dart slugs (D:1)
  4 leopard geckos
  21 orcs
  3 giant cockroaches
  7 goblins
  6 hobgoblins
  15 jackals
  4 quokkas
  A ball python (D:2)
  4 bats
  7 frilled lizards
  A jackal skeleton (D:2)
  A jackal zombie (D:5)
  11 kobolds
  4 rats
184 creatures vanquished.

Vanquished Creatures (collateral kills)
  3 yaks
  An acid dragon (D:8)
  An ogre (D:9)
  2 orc warriors (D:10)
  2 centaurs
  A big kobold (D:10)
  A bullfrog (D:9)
  5 killer bees (D:10)
  4 wights (D:10)
  A hound (D:10)
  An iguana (D:10)
  2 orc wizards (D:10)
  A hound zombie (D:9)
  A howler monkey zombie (D:10)
  8 orcs (D:10)
  2 quokkas
  2 kobolds (D:10)
38 creatures vanquished.

Vanquished Creatures (others)
  A howler monkey (D:8)
  26 fulminant prisms
27 creatures vanquished.

Grand Total: 249 creatures vanquished

Notes
Turn   | Place    | Note
-------+----------+-------------------------------------------
     0 | D:1      | Mehrunes the Deep Elf Conjurer began the quest for the Orb.
     0 | D:1      | Reached XP level 1. HP: 10/10 MP: 6/6
   285 | D:1      | Reached XP level 2. HP: 15/15 MP: 5/8
   364 | D:1      | Learned a level 2 spell: Searing Ray
   777 | D:1      | Reached skill level 4 in Spellcasting
   783 | D:1      | Reached skill level 5 in Conjurations
   783 | D:1      | Reached XP level 3. HP: 19/19 MP: 0/10
  1282 | D:2      | Noticed Terence
  1333 | D:2      | Killed Terence
  1437 | D:2      | Reached XP level 4. HP: 24/24 MP: 6/12
  1554 | D:2      | Learned a level 4 spell: Fulminant Prism
  1559 | D:2      | Learned a level 4 spell: Iskenderun's Mystic Blast
  1596 | D:2      | Noticed Jessica
  1598 | D:2      | Killed Jessica
  1598 | D:2      | Reached skill level 5 in Spellcasting
  1598 | D:2      | Reached skill level 1 in Hexes
  2135 | D:2      | Reached XP level 5. HP: 28/28 MP: 8/14
  2498 | D:3      | Noticed Sigmund
  3140 | D:3      | Reached skill level 1 in Translocations
  3864 | D:4      | Noticed Pikel
  3864 | D:4      | Noticed a slave
  3864 | D:4      | Noticed a slave
  3865 | D:4      | Noticed a slave
  3936 | D:4      | You fall into a shaft and drop 1 floor!
  3936 | D:5      | Entered Level 5 of the Dungeon
  4092 | D:5      | Reached skill level 6 in Spellcasting
  4092 | D:5      | Reached XP level 6. HP: 32/32 MP: 9/17
  4292 | D:4      | Found a staircase to the Ecumenical Temple.
  4300 | Temple   | Entered the Ecumenical Temple
  4550 | Temple   | Became a worshipper of Sif Muna the Loreminder
  4883 | D:4      | Noticed a slave
  4888 | D:3      | Killed a slave
  5154 | D:4      | Killed a slave
  5972 | D:5      | Noticed a sky beast
  5978 | D:5      | Killed a sky beast
  6210 | D:6      | Found Naleir's Distillery.
  6503 | D:6      | Reached skill level 5 in Hexes
  6503 | D:6      | Reached XP level 7. HP: 36/36 MP: 14/18
  7817 | D:7      | Reached skill level 7 in Spellcasting
  7986 | D:7      | Identified the +6 broad axe of the Harvest {speed, Dex+3}
  7986 | D:7      | Noticed a vampire
  8001 | D:7      | Reached XP level 8. HP: 33/41 MP: 15/20
  8487 | D:7      | Reached * piety under Sif Muna
  8613 | D:7      | Noticed a two-headed ogre
  9971 | D:5      | Paralysed by fainting for 6 turns
 10077 | D:4      | Killed Pikel
 10077 | D:4      | Reached skill level 8 in Spellcasting
 10448 | D:4      | Found a staircase to the Ecumenical Temple.
 10987 | D:6      | Reached skill level 1 in Fighting
 11659 | D:7      | Killed a two-headed ogre
 11659 | D:7      | Reached skill level 5 in Dodging
 11659 | D:7      | Reached skill level 9 in Spellcasting
 11659 | D:7      | Reached XP level 9. HP: 50/50 MP: 0/24
 11751 | D:7      | Identified the ring "Araux" {+Blink rC+ Dex+2 SInv}
 11907 | D:8      | Found a glowing silver altar of Zin.
 12197 | D:7      | Learned a level 4 spell: Summon Lightning Spire
 12417 | D:8      | Reached skill level 1 in Summonings
 12417 | D:8      | Reached skill level 1 in Air Magic
 12687 | D:8      | Noticed a troll
 12753 | D:8      | Killed a troll
 13060 | D:8      | Reached XP level 10. HP: 56/56 MP: 5/25
 13341 | D:8      | You fall into a shaft and drop 1 floor!
 13350 | D:9      | Reached ** piety under Sif Muna
 13449 | D:9      | Reached skill level 10 in Spellcasting
 13541 | D:9      | Learned a level 3 spell: Frozen Ramparts
 13545 | D:9      | Learned a level 3 spell: Ozocubu's Armour
 14014 | D:9      | Reached skill level 5 in Summonings
 14865 | D:8      | Found a staircase to the Lair.
 14895 | D:8      | Reached skill level 5 in Air Magic
 15637 | D:10     | Entered Level 10 of the Dungeon
 16210 | D:10     | Reached *** piety under Sif Muna
 16216 | D:10     | Reached skill level 11 in Spellcasting
 16277 | D:10     | Noticed a two-headed ogre
 16294 | D:10     | HP: 3/84 [two-headed ogre/+0 giant club (13)]
 16298 | D:10     | HP: 1/84 [two-headed ogre/+0 giant club (3)]
 16299 | D:10     | Slain by a two-headed ogre

Levels and vault maps discovered:
D:1:      heliophobic_arrival_ceremonial_halls, layout_basic, chequers_avenue
D:2:      layout_basic, uniq_terence, uniq_jessica
D:3:      corexii_shack_village, layout_basic, first_ration, uniq_sigmund
D:4:      layout_basic, minmay_temple_entry_stoned_glass, uniq_pikel
D:5:      layout_basic
D:6:      layout_basic, serial_shops, nicolae_shop_crystal
D:7:      minmay_the_grid_plus [minmay_the_grid_x, minmay_the_grid_embedded,
          minmay_the_grid_fan, minmay_the_grid_zigzag_pyramid,
          minmay_the_grid_prize_four_corners_diamond_b], layout_rooms
D:8:      layout_basic, nicolae_overflow_crystal_walls, erik_lair_dragon
D:9:      layout_loops_ring, grunt_ogre_cave
D:10:     layout_loops_corners, grunt_qazlal_clouds, uniq_snorg, uniq_erica,
          uniq_erolcha
Temple:   nicolae_temple_the_god_donut

Skill      XL: |  1  2  3  4  5  6  7  8  9 10 |
---------------+-------------------------------+-----
Spellcasting   | 4 5 6 7 9 11 | 11.1
Conjurations   | 5 7 8 |  8.0
Hexes          | 2 3 5 6 7 |  7.4
Translocations | 1 2 4 |  4.4
Fighting       | 3 |  3.7
Dodging        | 5 6 |  6.1
Summonings     | 3 6 |  6.0
Air Magic      | 3 6 |  6.0
Stealth        | |  2.4

Action                   |  1- 3 |  4- 6 |  7- 9 | 10-12 || total
-------------------------+-------+-------+-------+-------++-------
Melee: Dagger            |       |     1 |    24 |       ||    25
       Broad axe         |       |       |     5 |    41 ||    46
 Cast: Magic Dart        |    54 |   150 |   139 |    82 ||   425
       Searing Ray       |     5 |    10 |    16 |     4 ||    35
       Fulminant Prism   |       |       |    18 |     8 ||    26
       Iskenderun's Myst |       |       |    18 |    18 ||    36
       Summon Lightning  |       |       |       |    18 ||    18
       Frozen Ramparts   |       |       |       |     1 ||     1
  Use: Scroll            |       |     7 |     2 |       ||     9
       Potion            |       |       |     4 |     2 ||     6
 Stab: Distracted        |       |       |       |     2 ||     2
  Eat: Chunk             |     2 |     6 |    10 |    10 ||    28
       Ration            |       |     2 |     4 |       ||     6
Armor: Robe              |     1 |     5 |    16 |       ||    22
       Steam dragon scal |       |       |     3 |    23 ||    26
       Skin              |       |       |       |    10 ||    10
Dodge: Dodged            |     3 |    19 |    75 |    74 ||   171

Table legend:
 A = Non-vault XP
 B = Vault XP
 C = Vault XP percentage of total XP
 D = Non-vault monster count
 E = Vault monster count
 F = Vault count percentage of total count
                 A         B        C        D         E       F
            +---------+---------+-------+---------+---------+-------
      Total |    6429 |    3141 |  32.8 |     193 |      27 |  12.3
            +---------+---------+-------+---------+---------+-------
        D:1 |      49 |       0 |   0.0 |      24 |       0 |   0.0
        D:2 |     100 |      75 |  42.9 |      25 |       2 |   7.4
        D:3 |      65 |      14 |  17.7 |      13 |       6 |  31.6
        D:4 |      79 |     651 |  89.2 |       4 |       1 |  20.0
        D:5 |     265 |       0 |   0.0 |       9 |       0 |   0.0
        D:6 |     482 |       0 |   0.0 |      19 |       0 |   0.0
        D:7 |     505 |    1654 |  76.6 |      13 |      12 |  48.0
        D:8 |    2067 |     621 |  23.1 |      29 |       5 |  14.7
        D:9 |    1997 |     126 |   5.9 |      24 |       1 |   4.0
       D:10 |     820 |       0 |   0.0 |      33 |       0 |   0.0
            +---------+---------+-------+---------+---------+-------
